cohdb
Replays
Latest Replays
All Replays
Popular Replays
Top Player Replays
Match Explorer
How It Works
Community
CoH3 Stats
Reddit
Sign in to upload your games and track your stats! →
Sign in with Steam
Match 43453706
Unlisted
Match 43453706
Overview
Messages
Build Orders
End
Panzergrenadier Squad
Selects Panzerjäger Kommand Battlegroup
Selects Mine Fields
Panzergrenadier Squad
Construct Light Support Kompanie
MG34 Team
Selects GrB 39 Grenade Launcher Requisition
2.5-tonne Medical Truck
Fire Support Elements
Pak 38 Mechanized Group
Veteran Squad Leaders
Panzerpioneer Squad
Flakvierling Half-track
Selects Early Warning
Tungsten Core Ammunition
Construct Panzerarmee Kommand
Selects Butterfly Bomb Drop
Butterfly Bomb Drop
Panzer III L Medium Tank
Butterfly Bomb Drop
Rapid Advance
Vehicle Survival Package
Selects Crew Shock Tactics
Butterfly Bomb Drop
Armored Reserves
Imperiale
Herogus3xD
PIGEONS ARE FBI DRONES
Bananenratte
JoSemSem
Top Lobster
CHOcho
Dad.ergo
0
0
Comments
sign in to comment!
No comments posted yet!